 Dungeon Crawl Stone Soup version 0.18.1-48-g4cf74bf (webtiles) character file.

7103 Trampli the Blocker (level 10, 0/103 HPs)
             Began as a Deep Dwarf Fighter on July 13, 2016.
             Was a Believer of Pakellas.
             Slain by Nergalle the anubis guard
             ... wielding a +0 dagger
              (1 damage)
             ... on level 10 of the Dungeon on July 14, 2016.
             The game lasted 01:04:34 (8908 turns).

Trampli the Blocker (Deep Dwarf Fighter)            Turns: 8908, Time: 01:04:36

Health: 0/103      AC: 16    Str: 21    XL:     10   Next: 84%
Magic:  3/10       EV:  9    Int:  8    God:    Pakellas [**....]
Gold:   345        SH: 11    Dex: 15    Spells: 0 memorised, 9 levels left

rFire  + . .     SeeInvis .     a - +2 war axe
rCold  . . .     Gourm    .     K - +2 plate armour {rC+}
rNeg   . . .     Faith    .     c - +0 shield
rPois  .         Spirit   .     O - +0 helmet
rElec  .         Dismiss  .     (no cloak)
rCorr  .         Reflect  .     (no gloves)
SustAt .         Harm     .     (no boots)
MR     +....                    (no amulet)
Stlth  ..........               v - ring of fire
                                y - +2 ring of evasion

@: non-regenerating, heavily drained, somewhat resistant to hostile
enchantments, extremely unstealthy
A: damage resistance, recharge devices, sense surroundings 2, robust 1, slow
regeneration 3
a: Device Recharging, Quick Charge, Renounce Religion


You were on level 10 of the Dungeon.
You worshipped Pakellas.
Pakellas was pleased with you.
You were not hungry.

You visited 2 branches of the dungeon, and saw 11 of its levels.

You collected 495 gold pieces.
You spent 150 gold pieces at shops.

Inventory:

Hand Weapons
 a - a +2 war axe (weapon)
Missiles
 p - 2 throwing nets (quivered)
Armour
 c - a +0 shield (worn)
 K - a +2 plate armour of cold resistance (worn)
 O - a +0 helmet (worn)
Jewellery
 v - a ring of fire (right hand)
 y - a +2 ring of evasion (left hand)
Wands
 e - a wand of heal wounds (0/9)
 n - a wand of polymorph (18/24)
 o - a wand of confusion (0/48)
 q - a wand of slowing (0/48)
 s - a wand of lightning (0/15)
 D - a wand of polymorph (19/24)
 F - a wand of random effects (14/48)
 I - a wand of lightning (0/15)
 M - a wand of digging (10/24)
Scrolls
 b - a scroll of fear
 x - 4 scrolls of remove curse
 E - 2 scrolls of teleportation
 L - 2 scrolls of fog
Potions
 g - 2 potions of magic
 h - 3 potions of brilliance
 i - 6 potions of curing
 m - 3 potions of lignification
 r - 2 potions of ambrosia
 B - 2 potions of resistance
 G - a potion of cancellation
Books
 d - a book of Geomancy

   Spells                             Type                      Level
   a - Sandblast                      Earth                        1
   b - Passwall                       Transmutation/Earth          2
   c - Stone Arrow                    Conjuration/Earth            3
   d - Petrify                        Transmutation/Earth          4
   e - Lee's Rapid Deconstruction     Earth                        5
 A - a book of Maledictions

   Spells                             Type                      Level
   a - Corona                         Hexes                        1
   b - Ensorcelled Hibernation        Hexes/Ice                    2
   c - Confuse                        Hexes                        3
   d - Tukima's Dance                 Hexes                        3
   e - Dazzling Spray                 Conjuration/Hexes            3
Miscellaneous
 H - a sack of spiders {used: 5}
Comestibles
 f - 11 bread rations
 j - 3 chunks of flesh
 k - 3 meat rations
 u - a beef jerky
 w - 2 slices of pizza
 C - 2 royal jellies


   Skills:
 + Level 7.0(4.9) Fighting
 + Level 8.4(6.3) Axes
 + Level 8.4(6.3) Armour
 + Level 6.3(4.3) Dodging
 + Level 4.6(2.6) Stealth
 + Level 9.1(6.9) Shields
 + Level 5.2(3.2) Evocations


You had 9 spell levels left.
You didn't know any spells.

Dungeon Overview and Level Annotations

Branches:
Dungeon (10/15)            Temple (0/1) D:5            Lair (0/8) D:10
    Orc (1/2) D:10

Altars:
Cheibriados
Dithmenos
Elyvilon
Kikubaaqudgha
Makhleb
Nemelex Xobeh
Okawaru
Pakellas
Qazlal
Sif Muna
Vehumet
Xom
Yredelemnul
The Shining One
Beogh

Shops:
D:6 =   D:10 (!

Annotations:
D:10 Nergalle


Innate Abilities, Weirdness & Mutations

You are resistant to damage.
You can recharge devices by infusing magical energy.
You passively map the area around you.
You do not regenerate naturally.
You are robust (+10% HP).


Message History

The spectral orc warlord hits you.
You feel drained.
Evoke which item? (* to show all) (? for menu, Esc to quit)
You reach into the bag... ...and things crawl out!
The spectral orc warrior passes through a web.
You block the spectral orc warrior's attack.
You block the spectral orc knight's attack.
Nergalle hits you with a dagger!
* * * LOW HITPOINT WARNING * * *
Nergalle bites you but does no damage.
The spectral orc warlord hits you but does no damage.
The spectral orc knight hits you but does no damage.
The spectral orc warrior hits you but does no damage. x2
Evoke which item? (* to show all) (? for menu, Esc to quit)
You reach into the bag... ...and things crawl out!
The spectral orc warlord passes through a web.
The spectral orc warrior passes through a web.
You block the spectral orc knight's attack.
Nergalle hits you but does no damage. Nergalle bites you.
You die...
Pakellas says: Time to start the next experiment...

.................................
.................................
))...(((.((......................
).......##8'8#####8'8##..........
........#......8......#..........
........#.............#..........
........#...⌠.._Zaa...#..........
........#.....aZZZ....#..........
........#.....ZH@Z....#..........
..).....###############..........
.................................
.................................
............)....................
..................^..............
...............#.^...............
.................................
...................^^............


You could see Nergalle the anubis guard, 2 spectral orc warriors, 3 spectral orc
knights, a spectral orc warlord and 3 friendly worker ants.

Vanquished Creatures
  An orc knight (D:10)
  A hill giant (D:10)
  Pikel (D:6)
  The ghost of Trampli the Covered, a novice DDFi (D:7)
  A centaur skeleton (D:10)
  A troll (D:9)
  The ghost of Trampli the Shield-Bearer, an amateur DDFi (D:4)
  A spriggan (D:6)
  2 hippogriffs
  A soldier ant (D:10)
  A water moccasin (D:6)
  An ice beast (D:8)
  6 orc warriors
  3 phantoms
  A black bear (D:8)
  2 sky beasts
  3 ogres
  5 centaurs
  A crocodile (D:8)
  3 big kobolds
  3 giant frogs
  A wyvern skeleton (D:8)
  A scorpion (D:10)
  3 howler monkeys
  4 crimson imps
  2 jellies
  10 orc wizards
  9 orc priests
  8 hounds
  2 giant frog skeletons
  6 worker ants
  11 gnolls
  7 adders
  An ooze (D:3)
  An adder zombie (D:8)
  5 worms
  A dart slug (D:2)
  8 giant geckos
  34 orcs
  2 ball pythons
  4 bats (D:2)
  9 giant cockroaches
  7 hobgoblins
  14 jackals
  6 quokkas
  4 giant newts
  3 goblins
  23 kobolds
  A quokka skeleton (D:4)
  9 rats
236 creatures vanquished.

Vanquished Creatures (collateral kills)
  A hill giant (D:10)
  A wasp (D:10)
2 creatures vanquished.

Vanquished Creatures (others)
  A giant frog (D:6)
  4 orcs (D:6)
  2 jackals (D:6)
7 creatures vanquished.

Grand Total: 245 creatures vanquished

Notes
Turn   | Place    | Note
--------------------------------------------------------------
     0 | D:1      | Trampli the Deep Dwarf Fighter began the quest for the Orb.
     0 | D:1      | Reached XP level 1. HP: 20/20 MP: 1/1
   180 | D:1      | Reached XP level 2. HP: 27/27 MP: 2/2
   851 | D:2      | Reached XP level 3. HP: 19/34 MP: 3/3
   860 | D:2      | HP: 1/34 [gnoll/halberd (2)]
   978 | D:2      | Reached XP level 4. HP: 32/42 MP: 4/4
  1156 | D:2      | Reached skill level 1 in Dodging
  1459 | D:2      | Reached XP level 5. HP: 22/49 MP: 5/5
  1677 | D:2      | Reached skill level 4 in Shields
  2048 | D:3      | Found a shimmering altar of Xom.
  2049 | D:3      | Found a burning altar of Makhleb.
  2208 | D:3      | Found a glowing golden altar of the Shining One.
  2292 | D:3      | Reached skill level 1 in Stealth
  2651 | D:4      | Reached XP level 6. HP: 17/57 MP: 6/6
  2751 | D:4      | Noticed Trampli's ghost (amateur DDFi)
  2846 | D:4      | HP: 2/57 [Trampli's ghost (7)]
  2882 | D:4      | Killed Trampli's ghost
  2882 | D:4      | Reached skill level 1 in Evocations
  2882 | D:4      | Reached XP level 7. HP: 8/64 MP: 7/7
  2971 | D:4      | HP: 3/64 [gnoll (3)]
  3036 | D:4      | Reached skill level 5 in Armour
  3070 | D:4      | Reached skill level 5 in Shields
  3226 | D:5      | Entered Level 5 of the Dungeon
  3497 | D:5      | Found a staircase to the Ecumenical Temple.
  3710 | D:5      | HP: 2/66 [ogre/giant club (19)]
  3717 | D:5      | Reached XP level 8. HP: 20/73 MP: 9/9
  3830 | D:5      | Found an iron altar of Okawaru.
  3831 | D:5      | Found an ancient bone altar of Kikubaaqudgha.
  3831 | D:5      | Found a sparkling altar of Nemelex Xobeh.
  3833 | D:5      | Found a radiant altar of Vehumet.
  3833 | D:5      | Found a snail-covered altar of Cheibriados.
  3835 | D:5      | Found a deep blue altar of Sif Muna.
  3835 | D:5      | Found a basalt altar of Yredelemnul.
  3836 | D:5      | Found an oddly glowing altar of Pakellas.
  3873 | D:5      | Became a worshipper of Pakellas the Inventive
  4027 | D:6      | Found a stormy altar of Qazlal.
  4034 | D:6      | Noticed Pikel
  4063 | D:6      | Killed Pikel
  4063 | D:6      | Reached skill level 5 in Fighting
  4063 | D:6      | Reached skill level 5 in Axes
  4063 | D:6      | Reached skill level 6 in Shields
  4137 | D:6      | Found a white marble altar of Elyvilon.
  4513 | D:6      | Found Nuwud's Jewellery Boutique.
  4754 | D:6      | Bought a +2 ring of evasion for 150 gold pieces
  4782 | D:7      | Found a white marble altar of Elyvilon.
  4786 | D:7      | Noticed Trampli's ghost (novice DDFi)
  4829 | D:7      | Killed Trampli's ghost
  4829 | D:7      | Gained mutation: You passively map the area around you. [Deep Dwarf growth]
  4829 | D:7      | Reached XP level 9. HP: 38/81 MP: 9/9
  4967 | D:7      | Reached skill level 7 in Shields
  5071 | D:6      | Reached skill level 5 in Dodging
  5162 | D:6      | HP: 2/82 [orc priest/divine providence (12)]
  5284 | D:7      | Reached * piety under Pakellas
  5284 | D:7      | Received a gift from Pakellas
  6101 | D:8      | Found a shadowy altar of Dithmenos.
  6273 | D:8      | Reached ** piety under Pakellas
  6273 | D:8      | Received a gift from Pakellas
  6391 | D:8      | Reached skill level 8 in Shields
  6727 | D:9      | Noticed a troll
  6757 | D:9      | Killed a troll
  6757 | D:9      | Reached XP level 10. HP: 36/91 MP: 3/9
  6945 | D:9      | HP: 4/91 [poisoned by a big kobold]
  7517 | D:10     | Entered Level 10 of the Dungeon
  7524 | D:10     | Found Cobb's Distillery.
  7680 | D:10     | Noticed a hill giant
  7683 | D:10     | Found a staircase to the Lair.
  7704 | D:10     | Killed a hill giant
  7794 | D:10     | Found Gamochakk's Weapon Shop.
  7912 | D:10     | Noticed an orc knight
  7977 | D:10     | Gained mutation: You are robust (+10% HP). [potion of beneficial mutation]
  8117 | D:10     | Killed an orc knight
  8234 | D:10     | Reached skill level 5 in Evocations
  8315 | D:10     | Reached skill level 9 in Shields
  8340 | D:10     | Noticed a hill giant
  8495 | D:10     | Found a roughly hewn altar of Beogh.
  8495 | D:10     | Found a staircase to the Orcish Mines.
  8754 | D:10     | Killed a hill giant
  8820 | Orc:1    | Entered Level 1 of the Orcish Mines
  8834 | Orc:1    | Noticed Nergalle
  8893 | D:10     | Noticed a spectral orc warlord
  8899 | D:10     | Noticed Nergalle
  8904 | D:10     | HP: 2/103 [Nergalle the anubis guard/dagger (20)]
  8908 | D:10     | Slain by Nergalle the anubis guard

Skill      XL: |  1  2  3  4  5  6  7  8  9 10 |
---------------+-------------------------------+-----
Fighting       | 3 4 5 6 7 |  7.0
Axes           | 3 4 5 7 8 |  8.4
Armour         | 4 5 6 7 8 |  8.4
Dodging        | 1 2 3 4 5 6 |  6.3
Shields        | 4 5 6 8 9 |  9.1
Stealth        | 1 2 4 |  4.6
Evocations     | 1 2 3 5 |  5.2

Action                   |  1- 3 |  4- 6 |  7- 9 | 10-12 || total
-------------------------+-------+-------+-------+-------++-------
Melee: War axe           |    91 |   269 |   421 |   327 ||  1108
Invok: Quick Charge      |       |       |     7 |    14 ||    21
 Abil: Device Recharging |       |       |     3 |       ||     3
Evoke: Wand              |     1 |    13 |    32 |    45 ||    91
       Sack of spiders   |       |       |     2 |     6 ||     8
  Use: Scroll            |       |     1 |    20 |     7 ||    28
       Potion            |       |     1 |     6 |     1 ||     8
 Stab: Invisible         |       |     3 |       |       ||     3
       Confused          |       |       |     4 |    12 ||    16
  Eat: Chunk             |       |     5 |    12 |     9 ||    26
       Pizza             |       |     1 |       |       ||     1
       Royal jelly       |       |       |     1 |       ||     1
       Fruit             |       |       |     2 |     1 ||     3
Armor: Scale mail        |    33 |   148 |   124 |    18 ||   323
       Plate armour      |       |       |       |   150 ||   150
Dodge: Dodged            |    26 |   122 |   201 |   130 ||   479
Block: Shield            |    52 |   198 |   294 |   268 ||   812
